 Dungeon Crawl Stone Soup version 0.16.0-17-g811c1d7 (webtiles) character file.

11782 maniek23 the Unseen (level 11, -8/74 HPs)
             Began as a Vampire Enchanter on Mar 21, 2015.
             Was an Elder of Kikubaaqudgha.
             Killed from afar by a gargoyle (26 damage)
             ... with a stone arrow
             ... on level 10 of the Dungeon.
             The game lasted 00:56:16 (10657 turns).

maniek23 the Unseen (Vampire Enchanter)            Turns: 10657, Time: 00:56:16

Health: -8/74      AC:  0    Str:  3    XL:     11   Next: 53%
Magic:  24/27      EV: 27    Int: 19    God:    Kikubaaqudgha [****..]
Gold:   338        SH:  0    Dex: 21    Spells: 5 memorised, 14 levels left

rFire  . . .     SeeInvis +     u - melded +1 dagger (speed)
rCold  . . .     Clarity  .     (armour currently unavailable)
rNeg   + . .     SustAb   .     (shield currently unavailable)
rPois  .         Gourm    .     (helmet currently unavailable)
rElec  .         Spirit   .     p - melded +0 cloak
rCorr  .         Warding  .     M - melded +2 pair of gloves
rMut   .         Stasis   .     k - melded +0 pair of boots
MR     +....                    q - amulet of rage
Stlth  ++++++++..               i - melded +3 ring of dexterity
                                z - melded ring of magical power

@: bat-form, flying, very quick, somewhat resistant to hostile enchantments,
extraordinarily stealthy
A: bottle blood, (fangs 0), see invisible, agile 1, (unbreathing)
a: End Transformation, Receive Corpses, Renounce Religion, Evoke Berserk Rage


You were on level 10 of the Dungeon.
You worshipped Kikubaaqudgha.
Kikubaaqudgha was greatly pleased with you.
You were not thirsty.
You were in vampire-bat-form.
You visited 2 branches of the dungeon, and saw 12 of its levels.

You collected 591 gold pieces.
You spent 253 gold pieces at shops.

Inventory:

Hand weapons
 a - a +1 dagger
 u - a +1 dagger of speed (melded)
 J - a +2 scimitar of flaming
 K - a +2 quarterstaff of chaos
Armour
 b - a +2 robe of fire resistance
 k - a +0 pair of boots (melded)
 p - a +0 cloak (melded)
 M - a +2 pair of gloves (melded)
 N - a cursed -2 ring mail
 S - a +2 robe of cold resistance
Jewellery
 g - an uncursed ring of ice
 i - a +3 ring of dexterity (melded)
 n - an uncursed ring of flight
 q - an amulet of rage (around neck)
 z - a ring of magical power (melded)
 U - an uncursed ring of fire
 Z - an uncursed ring of ice
Magical devices
 w - a wand of frost (5)
 C - a wand of lightning (9)
 E - a wand of slowing (43)
 I - a wand of digging (13)
 L - a wand of draining (9)
 O - a wand of polymorph (7)
 W - a wand of disintegration (5)
 X - a wand of draining (4)
Scrolls
 h - 3 scrolls of fog {unknown}
 j - 5 scrolls of random uselessness {unknown}
 m - 7 scrolls of remove curse
 o - 5 scrolls of recharging {unknown}
 v - 3 scrolls of amnesia {unknown}
 y - 5 scrolls of enchant weapon
 F - 3 scrolls of teleportation
 H - 3 scrolls of enchant armour {unknown}
 T - a scroll of noise {unknown}
Potions
 d - 2 potions of blood
 e - 3 potions of brilliance
 l - 2 potions of haste
 r - 5 potions of curing
 s - 4 potions of heal wounds
 t - 3 potions of lignification
 x - a potion of cancellation
 A - 4 potions of restore abilities
 D - 2 potions of berserk rage
 G - a potion of magic
 V - a potion of degeneration {unknown}
 Y - a potion of agility
Books
 c - a book of Maledictions

   Spells                             Type                      Level
   a - Corona                         Hexes                        1
   b - Sure Blade                     Hexes/Charms                 2
   c - Ensorcelled Hibernation        Hexes/Ice                    2
   d - Confuse                        Hexes                        3
   e - Dazzling Spray                 Conjuration/Hexes            3
   f - Enslavement                    Hexes                        4
 f - Kikubaaqudgha's Tome of Stolen Souls
   (Kikubaaqudgha gifted it to you on level 10 of the Dungeon)

   Spells                             Type                      Level
   a - Animate Dead                   Necromancy                   4
   b - Excruciating Wounds            Charms/Necromancy            5
   c - Bolt of Draining               Conjuration/Necromancy       5
   d - Dispel Undead                  Necromancy                   5
   e - Death Channel                  Necromancy                   6
 B - a book of Flames

   Spells                             Type                      Level
   a - Flame Tongue                   Conjuration/Fire             1
   b - Throw Flame                    Conjuration/Fire             2
   c - Conjure Flame                  Conjuration/Fire             3
   d - Inner Flame                    Hexes/Fire                   3
   e - Sticky Flame                   Conjuration/Fire             4
   f - Fireball                       Conjuration/Fire             5
 P - a book of the Warp

   Spells                             Type                      Level
   a - Recall                         Summoning/Translocation      3
   b - Control Teleport               Charms/Translocation         4
   c - Force Lance                    Conjuration/Translocation    4
   d - Phase Shift                    Translocation                5
   e - Warp Weapon                    Charms/Translocation         5
   f - Gell's Gravitas                Hexes/Translocation          5
   g - Summon Forest                  Summoning/Translocation      5
 Q - Kikubaaqudgha's Compendium of Unholy Magic
   (Kikubaaqudgha gifted it to you on level 6 of the Dungeon)

   Spells                             Type                      Level
   a - Pain                           Necromancy                   1
   b - Corpse Rot                     Necromancy                   2
   c - Sublimation of Blood           Necromancy                   2
   d - Vampiric Draining              Necromancy                   3
   e - Control Undead                 Necromancy                   4
 R - a book of Transfigurations

   Spells                             Type                      Level
   a - Stoneskin                      Transmutation/Earth          2
   b - Irradiate                      Conjuration/Transmutation    5
   c - Statue Form                    Transmutation/Earth          6
   d - Hydra Form                     Transmutation                6
   e - Dragon Form                    Transmutation                7


   Skills:
 + Level 2.7 Fighting
 + Level 4.8 Short Blades
 + Level 6.5 Dodging
 + Level 15.7 Stealth
 + Level 0.4 Unarmed Combat
 + Level 7.6 Spellcasting
 + Level 12.0 Hexes
 * Level 4.8 Necromancy
 + Level 4.4 Ice Magic


You had 14 spell levels left.
You knew the following spells:

 Your Spells              Type           Power        Failure   Level  Hunger
a - Corona                Hex            ######.      1%          1    None
b - Ensorcelled Hibernat  Hex/Ice        #####.       3%          2    None
c - Confuse               Hex            ######..     2%          3    #......
d - Pain                  Necr           ####         6%          1    None
e - Animate Dead          Necr           N/A          32%         4    ###....


Dungeon Overview and Level Annotations

Branches:
Dungeon (11/15)            Temple (1/1) D:4            Lair (0/8) D:9
    Orc: D:9-12

Altars:
Ashenzari
Cheibriados
Dithmenos
Elyvilon
Fedhas
Gozag
Kikubaaqudgha
Makhleb
Nemelex Xobeh
Okawaru
Qazlal
Ru
Sif Muna
Trog
Vehumet
Xom
Yredelemnul
Zin
The Shining One

Shops:
D:6 ?   D:10 [

Annotations:
D:11 Fannar


Innate Abilities, Weirdness & Mutations

You can bottle blood from corpses.
((You have razor-sharp teeth.))
You have supernaturally acute eyesight.
((You can survive without breathing.))
You are agile. (Dex +2)


Message History

The gargoyle is unaffected.
The gargoyle hurls a stone arrow at you.
The stone arrow hits you!
The gargoyle hurls a stone arrow at you.
The stone arrow hits you!
* * * LOW HITPOINT WARNING * * *
Use which ability? (? or * to list)
You turn into a vampire bat.
Your +1 dagger of speed melds into your body.
Your +0 cloak melds into your body.
Your +2 pair of gloves melds into your body.
Your +0 pair of boots melds into your body.
Your ring of magical power melds into your body.
Your +3 ring of dexterity melds into your body.
You feel your magic capacity decrease.
You feel clumsy.
The gargoyle hurls a stone arrow at you.
The stone arrow hits you!
You die...
Kikubaaqudgha rasps: "You have failed me!
Welcome... oblivion!"

#.........##...'.#####.'....#####
#.........######.......######
#.........# #####'### ######'####
#..# ###.# #.## #...# #.# ##.####
###'## #.....# ###....### #.>...#
#.b....'.# ######
#.....#######.#.9..#.#####.....
#.....##......#....#.....#.....
#.....##.######....#####.......
#........# #....# ###.....
#)....#### #....# ####.# #.....#
###'## #..# ###.### #..# ##.##
####..#### ##.# #..#


You could see a gargoyle.

Vanquished Creatures
  Urug (D:10)
  An unseen horror (D:11)
  A wolf spider zombie (D:11)
  The ghost of puimuR the Grappler, an experienced TrAM (D:6)
  A spiny frog (D:9)
  An efreet (D:10)
  A troll (D:11)
  A blink frog (D:9)
  2 deep elf magi
  Grum (D:9)
  12 yaks (D:11)
  A wyvern (D:9)
  A steam dragon (D:9)
  4 wolves
  A hungry ghost (D:6)
  A hippogriff (D:9)
  12 ice beasts
  2 orc warriors (D:11)
  2 phantoms
  A porcupine (D:9)
  2 sky beasts
  5 ogres
  A centaur (D:7)
  A necrophage (D:8)
  2 black bears
  Sigmund (D:5)
  Duvessa (D:5)
  2 big kobolds
  12 giant frogs
  A gnoll sergeant (D:10)
  3 scorpions
  7 wights
  7 killer bees
  A goliath beetle (D:4)
  Dowan (D:5)
  An electric eel (D:10)
  5 crimson imps
  7 hounds
  Crazy Yiuf (D:5)
  6 orc priests
  2 iguanas
  2 jellies
  A centaur skeleton (D:9)
  A giant frog skeleton (D:10)
  10 orc wizards
  3 worker ants
  Ijyb (D:2)
  A hound skeleton (D:8)
  A mummy (D:11)
  A worker ant zombie (D:10)
  10 adders
  4 gnolls
  A river rat (D:9)
  5 shadow imps
  3 giant mites
  2 worms
  An adder zombie (D:8)
  An adder skeleton (D:9)
  4 giant geckos
  34 orcs
  A bat skeleton (D:5)
  13 goblins
  11 hobgoblins
  3 quokkas
  A ball python (D:1)
  11 bats
  2 giant cockroaches
  A giant gecko skeleton (D:6)
  5 giant newts
  A giant spore (D:9)
  26 kobolds
  2 kobold zombies (D:11)
  8 rats
  12 ballistomycetes
300 creatures vanquished.

Vanquished Creatures (collateral kills)
  A deep elf mage (D:11)
  A killer bee (D:11)
  An electric eel (D:11)
3 creatures vanquished.

Vanquished Creatures (others)
  3 yak zombies (D:11)
  An orc wizard (D:9)
  A sky beast zombie (D:11)
  A killer bee zombie (D:11)
  A giant spore (D:11)
  3 kobold zombies (D:11)
  2 orc zombies (D:11)
  A ballistomycete (D:9)
13 creatures vanquished.

Grand Total: 316 creatures vanquished

Notes
Turn   | Place    | Note
--------------------------------------------------------------
     0 | D:1      | maniek23, the Vampire Enchanter, began the quest for the Orb.
     0 | D:1      | Reached XP level 1. HP: 13/13 MP: 3/3
   260 | D:1      | Reached XP level 2. HP: 19/19 MP: 4/4
   498 | D:1      | Reached skill level 5 in Hexes
   515 | D:1      | Reached skill level 5 in Stealth
   539 | D:1      | Reached XP level 3. HP: 15/24 MP: 6/6
   556 | D:1      | Learned a level 2 spell: Ensorcelled Hibernation
   938 | D:2      | Noticed Ijyb
   962 | D:2      | HP: 1/24 [Ijyb (4)]
  1248 | D:1      | Learned a level 3 spell: Confuse
  1259 | D:2      | Killed Ijyb
  1438 | D:2      | Reached XP level 4. HP: 30/30 MP: 8/8
  2089 | D:3      | Reached skill level 6 in Stealth
  2089 | D:3      | Reached XP level 5. HP: 35/35 MP: 4/9
  2166 | D:3      | Found a white marble altar of Elyvilon.
  2987 | D:4      | Noticed an ogre
  2988 | D:4      | Reached skill level 1 in Ice Magic
  2996 | D:4      | Reached skill level 7 in Stealth
  2996 | D:4      | Reached XP level 6. HP: 40/42 MP: 6/11
  2999 | D:4      | Found a staircase to the Ecumenical Temple.
  3008 | Temple   | Entered the Ecumenical Temple
  3057 | Temple   | Became a worshipper of Kikubaaqudgha
  3128 | D:4      | Noticed a phantom
  3144 | D:4      | Killed an ogre
  3152 | D:4      | Killed a phantom
  3152 | D:4      | Reached skill level 8 in Stealth
  3329 | D:4      | Reached XP level 7. HP: 47/47 MP: 14/14
  3454 | D:4      | Found a stormy altar of Qazlal.
  3482 | D:4      | Found a radiant altar of Vehumet.
  3707 | D:4      | Found a glowing silver altar of Zin.
  3785 | D:5      | Entered Level 5 of the Dungeon
  4113 | D:5      | Reached skill level 9 in Stealth
  4157 | D:5      | Noticed Sigmund
  4165 | D:5      | Killed Sigmund
  4199 | D:5      | Noticed Duvessa
  4199 | D:5      | Noticed Dowan
  4207 | D:5      | Killed Duvessa
  4224 | D:5      | Killed Dowan
  4261 | D:5      | Reached skill level 10 in Stealth
  4261 | D:5      | Reached XP level 8. HP: 53/53 MP: 16/17
  4356 | D:5      | Reached skill level 1 in Fighting
  4489 | D:5      | Noticed Crazy Yiuf
  4495 | D:5      | Killed Crazy Yiuf
  4747 | D:6      | Found a shadowy altar of Dithmenos.
  4902 | D:6      | Acquired Kikubaaqudgha's first power
  4902 | D:6      | Received a gift from Kikubaaqudgha
  4903 | D:6      | Identified Kikubaaqudgha's Compendium of Unholy Magic (Kikubaaqudgha gifted it to you on level 6 of the Dungeon)
  4906 | D:6      | Learned a level 1 spell: Pain
  4920 | D:6      | Found Steot's Magic Scroll Shop.
  4922 | D:6      | Bought a scroll of enchant weapon for 97 gold pieces
  4922 | D:6      | Bought a scroll of identify for 26 gold pieces
  4922 | D:6      | Bought a scroll of identify for 26 gold pieces
  4922 | D:6      | Bought a scroll of identify for 26 gold pieces
  4922 | D:6      | Bought a scroll of teleportation for 39 gold pieces
  4922 | D:6      | Bought a scroll of remove curse for 39 gold pieces
  5096 | D:6      | Noticed puimuR's ghost (experienced TrAM)
  5120 | D:6      | Killed puimuR's ghost
  5120 | D:6      | Reached skill level 11 in Stealth
  5120 | D:6      | Reached skill level 5 in Spellcasting
  5128 | D:6      | Found a blossoming altar of Fedhas.
  5287 | D:6      | Found a basalt altar of Yredelemnul.
  5393 | D:6      | Reached XP level 9. HP: 59/59 MP: 21/21
  5895 | D:7      | Reached skill level 5 in Dodging
  6211 | D:8      | Reached skill level 12 in Stealth
  6998 | D:9      | Reached skill level 13 in Stealth
  7014 | D:9      | Noticed Grum
  7020 | D:9      | Killed Grum
  7061 | D:9      | Acquired Kikubaaqudgha's second power
  7168 | D:9      | Reached XP level 10. HP: 58/67 MP: 23/23
  7246 | D:9      | Reached skill level 14 in Stealth
  7287 | D:9      | Noticed a spiny frog
  7294 | D:9      | Killed a spiny frog
  7864 | D:9      | Found a staircase to the Lair.
  7886 | D:9      | Reached skill level 10 in Hexes
  8125 | D:9      | Found a glowing golden altar of the Shining One.
  8325 | D:9      | Found an ancient bone altar of Kikubaaqudgha.
  8514 | D:10     | Entered Level 10 of the Dungeon
  8857 | D:10     | Received a gift from Kikubaaqudgha
  8870 | D:10     | Gained mutation: You are agile. (Dex +2) [potion of beneficial mutation]
  8873 | D:10     | Identified Kikubaaqudgha's Tome of Stolen Souls (Kikubaaqudgha gifted it to you on level 10 of the Dungeon)
  8879 | D:10     | Learned a level 4 spell: Animate Dead
  8968 | D:10     | Found Mefir's Antique Armour Shop.
  8970 | D:10     | Noticed Urug
  8975 | D:10     | Killed Urug
  8975 | D:10     | Reached skill level 15 in Stealth
  8975 | D:10     | Reached skill level 1 in Necromancy
  9298 | D:11     | Noticed an unseen horror
  9336 | D:11     | Killed an unseen horror
  9336 | D:11     | Reached XP level 11. HP: 73/73 MP: 26/26
  9483 | D:11     | Acquired Kikubaaqudgha's third power
 10177 | D:11     | Noticed Fannar
 10657 | D:10     | Killed from afar by a gargoyle

Action                   |  1- 3 |  4- 6 |  7- 9 | 10-12 || total
-------------------------+-------+-------+-------+-------++-------
Melee: Dagger            |    76 |   110 |   312 |   384 ||   882
       Unarmed           |       |       |       |    36 ||    36
       Scimitar          |       |       |       |     3 ||     3
 Cast: Corona            |     2 |       |     1 |       ||     3
       Ensorcelled Hiber |     7 |     8 |    30 |    60 ||   105
       Confuse           |     1 |     6 |    33 |    51 ||    91
       Pain              |       |       |       |     4 ||     4
       Animate Dead      |       |       |       |     4 ||     4
 Abil: Bat Form          |     1 |       |       |     5 ||     6
       End Transformatio |     1 |       |       |     4 ||     5
  Use: Potion            |     1 |       |       |     2 ||     3
       Scroll            |       |       |     4 |    13 ||    17
 Stab: Sleeping          |     8 |    13 |    42 |    45 ||   108
       Confused          |     1 |     3 |    19 |    23 ||    46
       Distracted        |       |     1 |       |       ||     1
  Eat: Corpse            |     3 |     5 |    13 |    10 ||    31
